 Dungeon Crawl Stone Soup version 0.21.1-1-g345015fe64 (webtiles) character file.

65779 Jannitor the Archer (level 14, -2/84 HPs)
             Began as a Deep Elf Arcane Marksman on June 8, 2018.
             Was a High Priest of Okawaru.
             Slain by a shadow (28 damage)
             ... on level 13 of the Dungeon.
             The game lasted 01:20:09 (35989 turns).

Jannitor the Archer (Deep Elf Arcane Marksman)     Turns: 35989, Time: 01:20:09

Health: -2/84      AC: 19    Str: 11    XL:     14   Next: 76%
Magic:  29/29      EV: 13    Int: 26    God:    Okawaru [*****.]
Gold:   952        SH:  0    Dex: 16    Spells: 8/32 levels left

rFire    + + .     SeeInvis .   a - +5 shortbow of Shame {freeze, rElec}
rCold    + . .     Gourm    .   (shield currently unavailable)
rNeg     + . .     Faith    .   t - +1 fire dragon scales
rPois    +         Spirit   .   m - +0 helmet {Int+3}
rElec    +         Reflect  .   E - +1 cloak {MR+}
rCorr    .         Harm     .   T - +1 pair of gloves {Dex+3}
MR       +++++                  j - +0 pair of boots
Stlth    ++........             (no amulet)
HPRegen  0.24/turn              s - ring of the Mage {Wiz MR++ Int+3}
MPRegen  0.21/turn              Y - ring of Rut Ylepn {rPois rC++ rN+ MR+ Dex-2}

@: about to teleport
A: claws 1, screaming 1, wild magic 2
a: Heroism, Finesse, Renounce Religion


You were on level 13 of the Dungeon.
You worshipped Okawaru.
Okawaru was extremely pleased with you.
You were hungry.

You visited 4 branches of the dungeon, and saw 22 of its levels.
You also visited: Labyrinth and Volcano.

You collected 2091 gold pieces.
You spent 1139 gold pieces at shops.

Inventory:

Hand Weapons
 a - the +5 shortbow of Shame (weapon) {freeze, rElec}
   (Okawaru gifted it to you in a volcano)

   It causes projectiles fired from it to freeze those they strike, causing
   extra injury to most foes and up to half again as much damage against
   particularly susceptible opponents.
   They can also slow down cold-blooded creatures.
   It insulates you from electricity.
 b - a +2 short sword of venom
 c - a +1 shortbow of flaming
Missiles
 d - 79 arrows (quivered)
Armour
 j - a +0 pair of boots (worn)
 m - a +0 helmet of intelligence (worn)
 t - +1 fire dragon scales (worn)
 E - a +1 cloak of magic resistance (worn)
 T - a +1 pair of gloves of dexterity (worn)
Jewellery
 p - an uncursed ring of resist corrosion
 s - the ring of the Mage (left hand) {Wiz MR++ Int+3}
   (You bought it in a shop on level 2 of the Orcish Mines)

   [ring of wizardry]

   It improves your spell success rate.
   It affects your intelligence (+3).
   It affects your resistance to hostile enchantments.
 I - an uncursed ring of see invisible
 Q - a +4 ring of protection
 V - an uncursed ring of flight
 Y - the ring of Rut Ylepn (right hand) {rPois rC++ rN+ MR+ Dex-2}
   (You found it on level 1 of the Lair of Beasts)

   [ring of positive energy]

   It affects your dexterity (-2).
   It greatly protects you from cold.
   It protects you from poison.
   It protects you from negative energy.
   It affects your resistance to hostile enchantments.
Wands
 k - a wand of iceblast (21)
 r - a wand of acid (23)
 O - a wand of digging (22)
 S - a wand of scattershot (10)
Scrolls
 g - a scroll of holy word
 o - a scroll of vulnerability
 q - 9 scrolls of magic mapping
 x - 2 scrolls of enchant armour
 y - a scroll of amnesia
 D - 6 scrolls of teleportation
 H - 3 scrolls of identify
 P - a scroll of enchant weapon
 U - 6 scrolls of remove curse
Potions
 e - 3 potions of curing
 h - a potion of heal wounds
 i - 2 potions of flight
 l - a potion of magic
 n - 2 potions of haste
 u - a potion of ambrosia
 v - 2 potions of lignification
 w - 5 potions of invisibility
 z - 2 potions of mutation
 G - a potion of resistance
 J - 2 potions of might
 K - 4 potions of brilliance
 M - 2 potions of agility
 X - 3 potions of berserk rage
Books
 B - a book of Misfortune

   Spells                             Type                      Level
   a - Confusing Touch                Hexes                        1
   b - Confuse                        Hexes                        3
   c - Gell's Gravitas                Translocation                3
   d - Petrify                        Transmutation/Earth          4
   e - Metabolic Englaciation         Hexes/Ice                    5
   f - Yara's Violent Unravelling     Hexes/Transmutation          5
 L - a book of Enchantments

   Spells                             Type                      Level
   a - Cause Fear                     Hexes                        4
   b - Yara's Violent Unravelling     Hexes/Transmutation          5
   c - Silence                        Hexes/Air                    5
   d - Deflect Missiles               Charms/Air                   6
   e - Discord                        Hexes                        8
Miscellaneous
 W - a fan of gales
 Z - a box of beasts
Comestibles
 f - 33 rations


   Skills:
 + Level 8.3 Fighting
 + Level 10.0 Short Blades
 + Level 11.2 Bows
 + Level 8.5 Armour
 - Level 10.0 Dodging
 - Level 5.7 Stealth
 + Level 9.8 Spellcasting
 - Level 10.7 Hexes
 + Level 8.5 Charms
 - Level 4.2 Translocations
 + Level 0.6 Ice Magic
 + Level 5.9 Air Magic
 + Level 6.2 Invocations


You had 8 spell levels left.
You knew the following spells:

 Your Spells              Type           Power        Failure   Level  Hunger
a - Corona                Hex            #######      1%          1    None
b - Slow                  Hex            #######.     1%          2    None
c - Portal Projectile     Hex/Tloc       ######       4%          3    None
d - Cause Fear            Hex            #######...   3%          4    None
e - Confuse               Hex            #######.     1%          3    None
f - Deflect Missiles      Chrm/Air       ######....   75%         6    #####..
g - Metabolic Englaciati  Hex/Ice        ######....   41%         5    ####...


Dungeon Overview and Level Annotations

Branches:
Dungeon (13/15)            Temple (1/1) D:5            Lair (6/6) D:10
  Swamp (0/4) Lair:3        Snake (0/4) Lair:4        Slime (0/5) Lair:6
    Orc (2/2) D:12            Elf (0/3) Orc:2
 Vaults: D:13-14

Altars:
Ashenzari
Cheibriados
Dithmenos
Elyvilon
Fedhas
Gozag
Hepliaklqana
Kikubaaqudgha
Makhleb
Nemelex Xobeh
Okawaru
Qazlal
Ru
Sif Muna
Trog
Uskayaw
Vehumet
Wu Jian
Xom
Yredelemnul
Zin
The Shining One
Jiyva

Shops:
D:4 [   Orc:1 !   Orc:2 }!==}

Annotations:
D:8 aliadon's ghost, novice HOMo
D:10 2 transporters, exclusion: orange crystal statue, Gastronok
Lair:2 mrdizzer's ghost, journeyman GrEE


Innate Abilities, Weirdness & Mutations

You have sharp fingernails.
You occasionally shout uncontrollably at your foes.
Your spells are harder to cast, but more powerful.


Message History

A blink frog appears out of thin air!
The blink frog blinks!
The shadow slips into darkness.
The shadow flickers and vanishes!
Deactivating autopickup; reactivate with Ctrl-A.
The blink frog barely misses you.
The shadow strikes at you from the darkness!
Reactivating autopickup.
The blink frog hits you.
The blink frog blinks!
The blink frog hits you.
* * * LOW HITPOINT WARNING * * *
As you read the scroll of teleportation, it crumbles to dust.
You feel strangely unstable.
The blink frog hits you but does no damage.
The shadow slips into darkness.
The shadow flickers and vanishes!
Deactivating autopickup; reactivate with Ctrl-A.
The blink frog barely misses you.
The shadow strikes at you from the darkness!
You die...

#####################
#....................
#.....!....z.F.......
#.........z.z...###
#.############@.# #.# #..#
#.# #..# #z############..#
#...z.z.........##########
#........(..>..(..((......
##################)######
#.# #z#


You could see 3 skeletal warriors and a blink frog.

Vanquished Creatures
  Snorg (Lair:6)
  A minotaur (Lab)
  Harold (Lair:3)
  Fannar (D:12)
  6 hydras
  8 two-headed ogres
  An ogre mage (Volcano)
  5 orc high priests
  A hell knight (Volcano)
  2 skeletal warriors (D:13)
  2 unseen horrors
  7 orc knights
  An orc sorcerer (Orc:1)
  8 deep elf magi (Orc:2)
  A cyclops (D:12)
  3 ugly things
  Joseph (D:8)
  7 spiny frogs
  8 komodo dragons
  2 black mambas
  3 rime drakes
  The ghost of temitten the Poker, an amateur MiFi of Makhleb (D:5)
  6 polar bears
  5 trolls
  5 hornets (Lair:6)
  Grinder (D:5)
  20 blink frogs
  6 hippogriffs
  5 dream sheep (Lair:6)
  A shadow (D:11)
  Sigmund (D:5)
  A vampire (D:12)
  20 yaks
  12 spriggans (Lair:6)
  2 wyverns
  3 fire bats (Lair:4)
  A basilisk (Lair:2)
  A steam dragon (Lair:3)
  4 hungry ghosts
  2 wargs
  4 nagas (Lair:4)
  4 swamp worms (Lair:3)
  17 water moccasins
  2 soldier ants (D:10)
  6 porcupines
  4 sky beasts
  35 orc warriors
  2 ice beasts
  2 eyes of draining (D:8)
  A necrophage (D:11)
  6 ogres
  26 wolves
  11 black bears
  3 phantoms
  4 boggarts (Lair:6)
  4 centaurs
  14 crocodiles
  A big kobold (D:8)
  Blork the orc (D:4)
  19 bullfrogs
  2 gnoll sergeants (Orc:1)
  A water moccasin zombie (D:8)
  2 scorpions
  2 water moccasin skeletons
  3 killer bees (D:8)
  A howler monkey (D:8)
  An electric eel (Lair:3)
  4 crimson imps
  2 bullfrog zombies
  2 centaur zombies
  4 jellies
  2 centaur skeletons
  8 hounds
  28 orc priests
  2 bullfrog skeletons
  Crazy Yiuf (D:7)
  6 iguanas
  Terence (D:3)
  Natasha (D:2)
  18 orc wizards
  11 worker ants
  A hound zombie (D:8)
  A hound skeleton (D:4)
  A worker ant zombie (D:8)
  Robin (D:2)
  10 gnolls
  15 adders
  A hound simulacrum (D:8)
  2 shadow imps
  An adder skeleton (D:6)
  An adder zombie (D:8)
  4 worms
  3 dart slugs
  4 leopard geckos
  76 orcs
  3 ball pythons
  12 bats
  4 giant cockroaches
  20 goblins
  9 hobgoblins
  4 jackals
  7 kobolds
  4 quokkas
  3 frilled lizards
  2 leopard gecko skeletons
  5 rats
  A fungus (Lair:6)
630 creatures vanquished.

Vanquished Creatures (others)
  24 fungi
  15 plants
39 creatures vanquished.

Grand Total: 669 creatures vanquished

Notes
Turn   | Place    | Note
-------+----------+-------------------------------------------
     0 | D:1      | Jannitor the Deep Elf Arcane Marksman began the quest for the Orb.
     0 | D:1      | Reached XP level 1. HP: 11/11 MP: 5/5
    96 | D:1      | Reached skill level 1 in Fighting
   103 | D:1      | Reached XP level 2. HP: 6/16 MP: 4/6
   675 | D:1      | Gained mutation: You occasionally shout uncontrollably at your foes. [potion of mutation]
   675 | D:1      | Gained mutation: Your spells are a little harder to cast, but a little more powerful. [potion of mutation]
   675 | D:1      | Gained mutation: Your spells are harder to cast, but more powerful. [potion of mutation]
   675 | D:1      | Gained mutation: You have sharp fingernails. [potion of mutation]
   744 | D:2      | Noticed Natasha
  1240 | D:1      | Reached XP level 3. HP: 20/20 MP: 7/7
  1730 | D:2      | Reached skill level 3 in Bows
  1730 | D:2      | Reached XP level 4. HP: 11/25 MP: 8/8
  1903 | D:2      | Reached skill level 1 in Armour
  2271 | D:3      | Noticed Robin
  2301 | D:2      | Killed Robin
  2301 | D:2      | Reached skill level 1 in Short Blades
  2452 | D:2      | Reached skill level 5 in Hexes
  2452 | D:2      | Reached XP level 5. HP: 12/29 MP: 9/9
  3559 | D:2      | Killed Natasha
  3756 | D:3      | Learned a level 2 spell: Slow
  3760 | D:3      | Learned a level 3 spell: Portal Projectile
  3985 | D:3      | Reached XP level 6. HP: 32/34 MP: 10/10
  4257 | D:3      | Noticed Terence
  4265 | D:3      | Killed Terence
  4292 | D:4      | Found a basalt altar of Yredelemnul.
  4749 | D:4      | Found Nahap's Antique Armour Boutique.
  4754 | D:4      | Bought a glowing ring mail for 161 gold pieces
  4812 | D:4      | Noticed a dagger
  4813 | D:4      | Noticed a dagger
  4814 | D:4      | Found a hide-covered altar of Uskayaw.
  5049 | D:4      | Noticed Blork the orc
  5074 | D:4      | Killed Blork the orc
  5074 | D:4      | Reached skill level 4 in Bows
  5253 | D:4      | Found a bloodstained altar of Trog.
  5265 | D:4      | Reached XP level 7. HP: 33/40 MP: 11/11
  5267 | D:4      | Found a radiant altar of Vehumet.
  5332 | D:4      | Found a stormy altar of Qazlal.
  5492 | D:5      | Entered Level 5 of the Dungeon
  5497 | D:5      | Noticed Sigmund
  5515 | D:5      | Killed Sigmund
  5572 | D:5      | Found a staircase to the Ecumenical Temple.
  5682 | Temple   | Entered the Ecumenical Temple
  5811 | D:5      | Noticed temitten's ghost (amateur MiFi)
  5880 | D:5      | Noticed a hungry ghost
  5908 | D:5      | Killed a hungry ghost
  6067 | D:5      | Found a sacrificial altar of Ru.
  6093 | D:5      | Found a deep blue altar of Sif Muna.
  6186 | D:6      | Reached skill level 5 in Dodging
  6310 | D:6      | Reached XP level 8. HP: 4/45 MP: 10/12
  6854 | D:6      | Reached skill level 5 in Bows
  7304 | D:6      | Found a glowing golden altar of the Shining One.
  7541 | D:6      | Found an ornate altar of the Wu Jian Council.
  7876 | D:7      | Reached XP level 9. HP: 34/51 MP: 13/13
  8197 | D:7      | Found a runed door.
  8407 | D:7      | Noticed Crazy Yiuf
  8424 | D:7      | Killed Crazy Yiuf
  8596 | D:8      | Reached skill level 6 in Bows
  8769 | D:8      | Noticed aliadon's ghost (novice HOMo)
  8862 | D:5      | Killed temitten's ghost
  9135 | D:5      | Noticed Grinder
  9642 | D:5      | Reached skill level 5 in Short Blades
  9759 | D:5      | Killed Grinder
  9986 | D:5      | Noticed a troll
 10136 | D:5      | Killed a troll
 11080 | D:8      | Noticed Joseph
 11352 | D:8      | Killed Joseph
 11352 | D:8      | Reached XP level 10. HP: 37/58 MP: 14/14
 11530 | D:8      | Reached skill level 7 in Bows
 12026 | D:8      | Found an opulent altar of Gozag.
 12146 | D:8      | Noticed a cyan ugly thing
 12172 | D:8      | Killed a cyan ugly thing
 12172 | D:8      | Reached skill level 5 in Fighting
 12172 | D:8      | Reached skill level 5 in Armour
 12324 | D:8      | Noticed a two-headed ogre
 12393 | D:8      | Killed a two-headed ogre
 12754 | D:8      | Identified the cursed +1 halberd "Qecaluec" {flame, rF+ rN+ Int-3} (You found it on level 8 of the Dungeon)
 13544 | D:9      | Found an iron altar of Okawaru.
 13560 | D:9      | Became a worshipper of Warmaster Okawaru
 13741 | D:9      | Reached skill level 10 in Hexes
 14308 | D:9      | Learned a level 4 spell: Cause Fear
 14885 | D:10     | Entered Level 10 of the Dungeon
 14960 | D:10     | Reached * piety under Okawaru
 14977 | D:10     | Noticed an unseen horror
 14997 | D:10     | Killed an unseen horror
 14997 | D:10     | Reached skill level 8 in Bows
 14997 | D:10     | Reached XP level 11. HP: 35/64 MP: 13/16
 15625 | D:10     | Found a staircase to the Lair.
 15886 | D:10     | Noticed a sphinx
 15888 | D:10     | Found a transporter.
 15888 | D:10     | Noticed an orange crystal statue
 15901 | D:10     | Found a transporter.
 15903 | D:10     | Noticed a flayed ghost
 15903 | D:10     | Noticed Gastronok
 16043 | D:10     | Noticed a two-headed ogre
 16096 | D:10     | Killed a two-headed ogre
 16596 | D:11     | Found a labyrinth entrance.
 16605 | Lab      | Entered a labyrinth
 16610 | Lab      | Learned a level 3 spell: Confuse
 16888 | Lab      | Noticed a minotaur
 16900 | Lab      | Killed a minotaur
 16900 | Lab      | Reached ** piety under Okawaru
 17680 | D:11     | Noticed a six-headed hydra
 17707 | D:11     | Killed a six-headed hydra
 17742 | D:11     | Noticed a white ugly thing
 17807 | D:11     | Killed a white ugly thing
 18220 | D:11     | Noticed a red ugly thing
 18234 | D:11     | Killed a red ugly thing
 18322 | Lair:1   | Entered Level 1 of the Lair of Beasts
 18431 | Lair:1   | Identified a scroll of acquirement
 18461 | Lair:1   | Noticed an eight-headed hydra
 18501 | Lair:1   | Killed an eight-headed hydra
 18501 | Lair:1   | Reached *** piety under Okawaru
 18501 | Lair:1   | Reached skill level 1 in Stealth
 18685 | Lair:1   | Got a pitted amber ring
 18687 | Lair:1   | Identified the ring of Rut Ylepn {rPois rC++ rN+ MR+ Dex-2} (You found it on level 1 of the Lair of Beasts)
 19596 | Lair:1   | Reached **** piety under Okawaru
 19596 | Lair:1   | Reached skill level 5 in Spellcasting
 19627 | Lair:1   | Reached skill level 9 in Bows
 19638 | Lair:1   | Received a gift from Okawaru
 19727 | Lair:1   | Noticed a six-headed hydra
 19745 | Lair:1   | Killed a six-headed hydra
 19745 | Lair:1   | Reached skill level 10 in Dodging
 19745 | Lair:1   | Reached XP level 12. HP: 61/71 MP: 13/21
 20156 | Lair:1   | Received a gift from Okawaru
 20929 | Lair:2   | Learned a level 6 spell: Deflect Missiles
 21078 | Lair:2   | Noticed mrdizzer's ghost (journeyman GrEE)
 21139 | Lair:3   | Reached skill level 1 in Charms
 21227 | Lair:3   | Reached skill level 1 in Air Magic
 21327 | Lair:3   | Noticed Harold
 21355 | Lair:3   | Killed Harold
 21355 | Lair:3   | Reached ***** piety under Okawaru
 21602 | Lair:3   | Received a gift from Okawaru
 22346 | Lair:3   | Reached skill level 1 in Invocations
 22406 | Lair:3   | Found a staircase to the Swamp.
 22681 | Lair:3   | Noticed a seven-headed hydra
 22708 | Lair:3   | Killed a seven-headed hydra
 22829 | Lair:3   | Reached skill level 5 in Stealth
 23565 | Lair:4   | Found a dark tunnel.
 23588 | Volcano  | Entered a volcano
 23605 | Volcano  | Noticed an ogre mage
 23617 | Volcano  | Killed an ogre mage
 23621 | Volcano  | Found a bloodstained altar of Trog.
 23629 | Volcano  | Noticed a two-headed ogre
 23634 | Volcano  | Noticed a two-headed ogre
 23639 | Volcano  | Killed a two-headed ogre
 23655 | Volcano  | Killed a two-headed ogre
 23655 | Volcano  | Received a gift from Okawaru
 23658 | Volcano  | Got a slimy shortbow {god gift}
 23659 | Volcano  | Identified the +5 shortbow of Shame {freeze, rElec} (Okawaru gifted it to you in a volcano)
 23677 | Volcano  | Noticed a two-headed ogre
 23697 | Volcano  | Killed a two-headed ogre
 23697 | Volcano  | Reached XP level 13. HP: 76/76 MP: 18/25
 24099 | Lair:4   | Reached skill level 10 in Bows
 24611 | Lair:4   | Reached skill level 5 in Charms
 24723 | Lair:4   | Received a gift from Okawaru
 24737 | Lair:4   | Found a staircase to the Snake Pit.
 25693 | Lair:5   | Identified the cursed +0 scale mail "Eqaq" {MR- Slay+2 SInv} (You found it on level 5 of the Lair of Beasts)
 26165 | Lair:6   | Entered Level 6 of the Lair of Beasts
 26235 | Lair:6   | Found a staircase to the Slime Pits.
 26236 | Lair:6   | Found a viscous altar of Jiyva.
 26338 | Lair:6   | Received a gift from Okawaru
 26451 | Lair:6   | Reached ****** piety under Okawaru
 26755 | Lair:6   | Reached skill level 1 in Translocations
 28478 | Lair:6   | Reached XP level 14. HP: 83/83 MP: 28/28
 28741 | Lair:6   | Noticed Snorg
 28759 | Lair:6   | Killed Snorg
 28759 | Lair:6   | Received a gift from Okawaru
 28759 | Lair:6   | Reached skill level 5 in Invocations
 29476 | D:12     | Found a glowing golden altar of the Shining One.
 29723 | D:12     | Reached skill level 5 in Air Magic
 30036 | D:12     | Noticed Fannar
 30070 | D:12     | Killed Fannar
 30548 | D:12     | Found a staircase to the Orcish Mines.
 31139 | Orc:1    | Entered Level 1 of the Orcish Mines
 31740 | Orc:1    | Found Zogugh's Distillery.
 31786 | Orc:1    | Bought a potion of resistance for 150 gold pieces
 31933 | Orc:2    | Entered Level 2 of the Orcish Mines
 32173 | Orc:2    | Received a gift from Okawaru
 32352 | Orc:2    | Found Gyok's Gadget Shop.
 33559 | Orc:1    | Received a gift from Okawaru
 33695 | Orc:2    | Reached skill level 11 in Bows
 34203 | Orc:2    | Found a staircase to the Elven Halls.
 35186 | Orc:2    | Reached skill level 10 in Short Blades
 35605 | Orc:2    | Found Cidaeci's Jewellery Emporium.
 35605 | Orc:2    | Found Bonigoh's Jewellery Emporium.
 35607 | Orc:2    | Found Jupsulas's Distillery.
 35607 | Orc:2    | Found Dedaef's Gadget Emporium.
 35618 | Orc:2    | Bought a potion of heal wounds for 60 gold pieces
 35618 | Orc:2    | Bought a potion of magic for 96 gold pieces
 35704 | Orc:2    | Bought the ring of the Mage {Wiz MR++ Int+3} for 672 gold pieces
 35704 | Orc:2    | Found the ring of the Mage {Wiz MR++ Int+3}
 35712 | Orc:2    | Learned a level 5 spell: Metabolic Englaciation
 35989 | D:13     | Slain by a shadow

Skill      XL: |  1  2  3  4  5  6  7  8  9 10 11 12 13 14 |
---------------+-------------------------------------------+-----
Fighting       | 1 2 3 4 5 6 7 8 |  8.3
Dodging        | 3 4 5 6 7 9 10 | 10.0
Bows           | 3 4 5 6 8 9 10 11 | 11.2
Armour         | 1 2 3 4 5 6 7 8 |  8.5
Short Blades   | 1 2 3 4 5 6 7 8 9 10 | 10.0
Hexes          | 5 6 7 8 10 | 10.7
Spellcasting   | 2 5 7 8 9 |  9.8
Stealth        | 2 5 |  5.7
Charms         | 4 6 8 |  8.5
Air Magic      | 3 4 5 |  5.9
Invocations    | 2 4 6 |  6.2
Translocations | 2 4 |  4.2
Ice Magic      | |  0.6

Action                   |  1- 3 |  4- 6 |  7- 9 | 10-12 | 13-15 || total
-------------------------+-------+-------+-------+-------+-------++-------
Melee: Dagger            |   105 |       |       |       |       ||   105
       Short sword       |    38 |   182 |   348 |   824 |   102 ||  1494
       Shortbow          |       |       |       |     1 |       ||     1
 Fire: Shortbow          |    31 |    33 |   242 |   680 |  1637 ||  2623
       Blowgun           |       |     3 |    11 |       |       ||    14
 Cast: Corona            |     8 |     3 |    12 |    16 |     4 ||    43
       Slow              |       |     1 |    24 |    36 |    13 ||    74
       Cause Fear        |       |       |       |    23 |    21 ||    44
       Confuse           |       |       |       |    36 |    23 ||    59
       Portal Projectile |       |       |       |     2 |     8 ||    10
Invok: Heroism           |       |       |       |       |     5 ||     5
       Finesse           |       |       |       |       |     1 ||     1
Evoke: Wand              |       |       |     4 |     8 |    20 ||    32
  Use: Potion            |     2 |     4 |     3 |       |     2 ||    11
       Scroll            |     3 |     4 |     7 |    15 |     9 ||    38
 Stab: Invisible         |       |       |     5 |       |       ||     5
       Paralysed         |       |       |     2 |     9 |       ||    11
       Confused          |       |       |       |    29 |     6 ||    35
       Fleeing           |       |       |       |     1 |       ||     1
       Sleeping          |       |       |       |     1 |       ||     1
  Eat: Chunk             |     3 |    11 |    16 |    25 |    32 ||    87
       Ration            |       |       |     5 |     8 |     1 ||    14
Armor: Robe              |    22 |       |       |       |       ||    22
       Ring mail         |    68 |    76 |   150 |   304 |       ||   598
       Fire dragon scale |       |       |       |    41 |   281 ||   322
Dodge: Dodged            |   132 |   136 |   307 |   642 |   326 ||  1543
